 Dungeon Crawl Stone Soup version 0.31-a0-771-g505c3d19dc (webtiles) character file.

Game seed: 13406277953465119840

814 randomguy2701 the Shield-Bearer (level 7, -1/60 HPs)
             Began as a Gnoll Fighter on Sept 17, 2023.
             Slain by an iron imp (6 damage)
             ... summoned by Eustachio
             ... on level 5 of the Dungeon.
             The game lasted 00:04:43 (3110 turns).

randomguy2701 the Shield-Bearer (Gnoll Fighter)     Turns: 3110, Time: 00:04:44

Health: -1/60      AC: 13    Str: 15    XL:     7   Next: 93%
Magic:  11/11      EV:  2    Int:  7    God:
Gold:   128        SH: 15    Dex: 14    Spells: 11/11 levels left

rFire   . . .        a - +0 war axe
rCold   . . .        q - +0 tower shield
rNeg    . . .        p - +0 plate armour
rPois   .            (no helmet)
rElec   .            (no cloak)
rCorr   .            (no gloves)
SInv    .            (no boots)
Will    .....        (no amulet) Stlth
                     m - ring of flight
HPRegen 0.30/turn    (no ring)
MPRegen 0.12/turn

%: no passive effects
@: flying
A: fangs 1, strong nose, distributed training
a: no special abilities


You were on level 5 of the Dungeon.
You visited 1 branch of the dungeon, and saw 5 of its levels.
You also visited: Ossuary.

You collected 128 gold pieces.

Inventory:

Hand Weapons
 a - a +0 war axe (weapon)
Armour
 c - a +0 buckler
 p - a +0 plate armour (worn)
 q - a +0 tower shield (worn)
 w - a +0 pair of boots
Jewellery
 m - a ring of flight (left hand)
Scrolls
 b - a scroll of amnesia {unknown}
 e - 2 scrolls of teleportation {unknown}
 f - 2 scrolls of fog {unknown}
 i - 2 scrolls of identify
 j - 3 scrolls of blinking {unknown}
 l - a scroll of poison {unknown}
 r - 2 scrolls of enchant armour {unknown}
Potions
 d - 3 potions of might
 g - 3 potions of enlightenment
 h - 2 potions of degeneration
 k - 2 potions of ambrosia {unknown}
 n - a potion of lignification {unknown}
 o - 2 potions of mutation {unknown}
 s - a potion of heal wounds {unknown}
 t - a potion of brilliance {unknown}
 u - 2 potions of attraction {unknown}
 v - 2 potions of curing {unknown}


   Skills:
 + Level 7.2 Fighting
 + Level 2.8 Short Blades
 + Level 2.8 Long Blades
 + Level 5.4 Axes
 + Level 2.8 Maces & Flails
 + Level 2.8 Polearms
 + Level 2.8 Staves
 + Level 2.8 Ranged Weapons
 + Level 2.8 Throwing
 + Level 7.2 Armour
 + Level 2.8 Dodging
 + Level 2.8 Stealth
 + Level 7.2 Shields
 + Level 2.8 Unarmed Combat
 + Level 2.8 Spellcasting
 + Level 2.3 Conjurations
 + Level 2.3 Hexes
 + Level 2.3 Summonings
 + Level 2.3 Necromancy
 + Level 2.3 Translocations
 + Level 2.3 Transmutations
 + Level 2.3 Fire Magic
 + Level 2.3 Ice Magic
 + Level 2.3 Air Magic
 + Level 2.3 Earth Magic
 + Level 2.3 Poison Magic
 + Level 3.1 Invocations
 + Level 2.8 Evocations
 + Level 2.6 Shapeshifting


You had 11 spell levels left.
You didn't know any spells.
Your spell library contained the following spells:

 Spells                   Type           Power      Damage    Failure   Level
 Animate Dead             Necr           4%         N/A       100%        4
 Summon Ice Beast         Ice/Summ       4%         N/A       100%        4
 Summon Mana Viper        Hex/Summ       4%         N/A       100%        5
 Haunt                    Necr/Summ      2%         N/A       100%        7
 Monstrous Menagerie      Summ           2%         N/A       100%        7
 Infestation              Necr           2%         N/A       100%        8


Dungeon Overview and Level Annotations

Branches:
Dungeon (6/15)             Temple (0/1) D:5         Ossuary (visited)

Altars:
Vehumet

Annotations:
D:5 Eustachio


Innate Abilities, Weirdness & Mutations

You have very sharp teeth.
Your uncanny sense of smell can sniff out nearby items.
Your experience applies equally to all skills.


Message History

The quasit claws you but does no damage.
Unknown command.
You block the shadow imp's attack. The quasit attacks as it pursues you!
You block the quasit's attack.
The quasit claws you but does no damage.
You block the quasit's attack.
The river rat bites you but does no damage.
Unknown command.
You block the river rat's attack. The river rat bites you.
* * * LOW HITPOINT WARNING * * *
The river rat bites you but does no damage.
The quasit disappears in a puff of smoke!
You block the river rat's attack.
The shadow imp attacks as it pursues you!
The shadow imp hits you but does no damage.
You block Eustachio's attack. You block the river rat's attack.
You barely miss Eustachio.
Eustachio is almost dead.
You hit the shadow imp but do no damage.
You hit the river rat but do no damage. You block the shadow imp's attack.
Eustachio mumbles some strange words.
You block the river rat's attack.
The shadow imp hits you but does no damage.
You miss Eustachio.
Eustachio is almost dead.
You miss the ufetubus. You hit the river rat but do no damage.
You hit the white imp but do no damage. You barely miss the iron imp.
You closely miss the shadow imp.
The shadow imp disappears in a puff of smoke!
The ufetubus hits you but does no damage.
You block the ufetubus's attack. You block Eustachio's attack.
The river rat bites you.
* * * LOW HITPOINT WARNING * * *
The white imp gestures at you. The puff of frost hits you!
* * * LOW HITPOINT WARNING * * *
The ufetubus hits you but does no damage. x2
The iron imp hits you.
You die...

##..# ##..##..... #..##
#..##..#.#.
#######.#####.##..##.## #
........#...#....##...# #.
#####.....#.#..⌠....>..
..###.....#...#.#....##...#
......#...#.##..#.##..##.##
## #...#(##.5....#..##..#.#.
#...#.##...5@5#.####..##.....
. #......#@r§#.# ##..#..⌠..
.....#...#b##..#####........
##...#.###r.b..#............
#.##..(...#§....###########
#.....#...#5#####
###)..#.##..# #.##......#
#########.....#.###


You could see Eustachio, an iron imp (summoned), a river rat (summoned), a white
imp (summoned), an ufetubus (summoned), a bat (summoned) and a rat (summoned).

Vanquished Creatures
  Prince Ribbit (D:5)
  An ogre (D:5)
  A kobold brigand (D:6)
  3 water moccasin zombies (Ossuary)
  3 hounds
  An iguana (D:5)
  2 mummies (Ossuary)
  5 adders
  An ufetubus (D:6)
  6 adder zombies (Ossuary)
  2 worms (D:2)
  3 dart slugs
  2 orcs
  4 endoplasms
  2 giant cockroaches (D:1)
  4 gnoll zombies (Ossuary)
  9 goblins
  6 hobgoblins
  3 quokkas
  6 ball pythons
  5 bats
  5 frilled lizards
  2 hobgoblin zombies (Ossuary)
  9 kobolds
  3 kobold zombies (Ossuary)
  2 orc zombies (Ossuary)
  7 rats
98 creatures vanquished.

Notes
Turn   | Place    | Note
-------+----------+-------------------------------------------
     0 | D:1      | randomguy2701 the Gnoll Fighter began the quest for the
                  | Orb.
     0 | D:1      | Reached XP level 1. HP: 23/23 MP: 1/1
    66 | D:1      | Reached XP level 2. HP: 23/29 MP: 2/2
   418 | D:1      | Reached XP level 3. HP: 34/35 MP: 3/3
   611 | D:1      | Reached skill level 1 in Invocations
   838 | D:2      | Reached skill level 1 in Short Blades
   838 | D:2      | Reached skill level 1 in Long Blades
   838 | D:2      | Reached skill level 1 in Maces & Flails
   838 | D:2      | Reached skill level 1 in Polearms
   838 | D:2      | Reached skill level 1 in Staves
   838 | D:2      | Reached skill level 1 in Ranged Weapons
   838 | D:2      | Reached skill level 1 in Throwing
   838 | D:2      | Reached skill level 1 in Dodging
   838 | D:2      | Reached skill level 1 in Stealth
   838 | D:2      | Reached skill level 1 in Unarmed Combat
   838 | D:2      | Reached skill level 1 in Spellcasting
   838 | D:2      | Reached skill level 1 in Evocations
  1005 | D:2      | Reached XP level 4. HP: 41/41 MP: 5/5
  1083 | D:2      | Reached skill level 1 in Shapeshifting
  1685 | D:3      | Reached skill level 1 in Conjurations
  1685 | D:3      | Reached skill level 1 in Hexes
  1685 | D:3      | Reached skill level 1 in Summonings
  1685 | D:3      | Reached skill level 1 in Necromancy
  1685 | D:3      | Reached skill level 1 in Translocations
  1685 | D:3      | Reached skill level 1 in Transmutations
  1685 | D:3      | Reached skill level 1 in Fire Magic
  1685 | D:3      | Reached skill level 1 in Ice Magic
  1685 | D:3      | Reached skill level 1 in Air Magic
  1685 | D:3      | Reached skill level 1 in Earth Magic
  1685 | D:3      | Reached skill level 1 in Poison Magic
  1700 | D:3      | Reached XP level 5. HP: 41/47 MP: 5/7
  1891 | D:3      | Found a radiant altar of Vehumet.
  2165 | D:3      | You are sucked into a shaft and drop 3 floors!
  2217 | D:6      | Noticed a kobold brigand
  2229 | D:6      | Killed a kobold brigand
  2230 | D:6      | Reached XP level 6. HP: 49/53 MP: 8/8
  2271 | D:5      | Entered Level 5 of the Dungeon
  2283 | D:5      | Reached skill level 5 in Axes
  2371 | D:5      | Noticed Prince Ribbit
  2385 | D:5      | Found a sand-covered staircase.
  2396 | D:5      | Killed Prince Ribbit
  2397 | D:5      | Reached XP level 7. HP: 40/60 MP: 8/10
  2465 | Ossuary  | Entered an ossuary
  2808 | D:5      | Found a staircase to the Ecumenical Temple.
  3018 | D:5      | Noticed Eustachio
  3110 | D:5      | Slain by an iron imp

Illustrated notes

Levels and vault maps discovered:
D:1:      nicolae_arrival_somewhat_less_tricky_arrival, layout_loops_ring,
          minmay_misc_feat_plants, minmay_pentomino_t2
D:2:      layout_loops_ring
D:3:      layout_basic, nicolae_vehumet_altar_sigil
D:5:      layout_gridville, minmay_temple_entry_waves, enter_ossuary_2,
          kennysheep_donut, hangedman_decor_points, uniq_eustachio,
          uniq_prince_ribbit1
D:6:      layout_cave_pools, mainiacjoe_overflow_cross_hatched,
          riverfiend_overflow_shadow_ancestor

Skill      XL: |  1  2  3  4  5  6  7 |
---------------+----------------------+-----
Invocations    | 1 2 3 |  3.1
Short Blades   | 1 2 |  2.8
Long Blades    | 1 2 |  2.8
Maces & Flails | 1 2 |  2.8
Polearms       | 1 2 |  2.8
Staves         | 1 2 |  2.8
Ranged Weapons | 1 2 |  2.8
Throwing       | 1 2 |  2.8
Dodging        | 1 2 |  2.8
Stealth        | 1 2 |  2.8
Unarmed Combat | 1 2 |  2.8
Spellcasting   | 1 2 |  2.8
Evocations     | 1 2 |  2.8
Shapeshifting  | 1 2 |  2.6
Conjurations   | 1 2 |  2.3
Hexes          | 1 2 |  2.3
Summonings     | 1 2 |  2.3
Necromancy     | 1 2 |  2.3
Translocations | 1 2 |  2.3
Transmutations | 1 2 |  2.3
Fire Magic     | 1 2 |  2.3
Ice Magic      | 1 2 |  2.3
Air Magic      | 1 2 |  2.3
Earth Magic    | 1 2 |  2.3
Poison Magic   | 1 2 |  2.3
Axes           | 5 |  5.4
Fighting       | 7 |  7.2
Armour         | 7 |  7.2
Shields        | 7 |  7.2

Action                     |  1- 3 |  4- 6 |  7- 9 || total
---------------------------+-------+-------+-------++-------
  Melee: War axe           |   115 |   118 |   156 ||   389
         Bite              |    10 |    10 |    22 ||    42
    Use: Scroll            |       |       |     2 ||     2
         Potion            |       |       |     1 ||     1
 Armour: Scale mail        |    80 |    19 |       ||    99
         Plate armour      |       |    69 |   210 ||   279
  Dodge: Dodged            |    44 |    22 |    17 ||    83
  Block: Buckler           |    30 |     8 |       ||    38
         Tower shield      |       |    73 |   189 ||   262

Table legend: (Time is in decaauts)
 A = Elapsed time spent in this place.
 B = Non-inter-level travel time spent in this place.
 C = Inter-level travel time spent in this place.
 D = Time resting spent in this place.
 E = Time spent auto-exploring this place.
 F = Levels seen in this place.
 G = Mean time per level.
                   A        B        C        D        E       F      G
               +--------+--------+--------+--------+--------+-----+--------+
         Total |   3293 |   3247 |     46 |     64 |   2289 |   6 |  548.8 |
       Dungeon |   2919 |   2873 |     46 |     64 |   2079 |   5 |  583.8 |
       Ossuary |    373 |    373 |      0 |      0 |    210 |   1 |  373.0 |
               +--------+--------+--------+--------+--------+-----+--------+

Top non-repeatable levels by time:
     D:2: 804 daAuts
     D:1: 775 daAuts
     D:3: 658 daAuts
     D:5: 564 daAuts
 Ossuary: 373 daAuts
     D:6: 116 daAuts
